 Dungeon Crawl Stone Soup version 0.26.1-2-gb8aa6d0cf2 (webtiles) character file.

Game seed: 10266573593625139881

143920 korsakow the Severer (level 16, -3/151 HPs)
             Began as a Minotaur Berserker on Feb 21, 2021.
             Was a High Priest of Trog.
             Slain by a fenstrider witch (12 damage)
             ... while paralysed by a fenstrider witch
             ... on level 4 of the Swamp on Feb 22, 2021.
             The game lasted 04:13:18 (40115 turns).

korsakow the Severer (Minotaur Berserker)          Turns: 40115, Time: 04:13:18

Health: -3/151     AC: 29    Str: 27    XL:     16   Next: 83%
Magic:  24/24      EV:  2    Int:  5    God:    Trog [*****.]
Gold:   681        SH:  0    Dex: 11    Spells: 15/15 levels left

rFire    + . .     SeeInvis +   K - +7 broad axe (flame)
rCold    + . .     Faith    .   d - +0 tower shield
rNeg     . . .     Spirit   .   l - +0 gold dragon scales
rPois    +         Reflect  +   (helmet restricted)
rElec    .         Harm     .   v - +2 cloak
rCorr    .         Rampage  .   A - +0 pair of gloves
Will     +....                  j - +0 pair of boots
Stlth    ..........             f - amulet of reflection
HPRegen  0.35/turn              y - ring of magical power
MPRegen  0.19/turn              T - ring of see invisible

@: paralysed, lethally poisoned (-3 -> -9)
A: retaliatory headbutt, horns 2
a: Renounce Religion, Berserk, Trog's Hand, Brothers in Arms


You were on level 4 of the Swamp.
You worshipped Trog.
Trog was extremely pleased with you.
You visited 4 branches of the dungeon, and saw 27 of its levels.

You collected 2441 gold pieces.
You spent 1760 gold pieces at shops.

Inventory:

Hand Weapons
 a - the +4 hand axe of Peace {elec, rN+}
   (You found it on level 10 of the Dungeon)

   Occasionally, upon striking a foe, it can discharge electrical energy and
   cause terrible harm.
   It protects you from negative energy.
 q - a +3 eveningstar of draining
 K - a +7 broad axe of flaming (weapon)
Missiles
 F - a throwing net
Armour
 d - a +0 tower shield (worn)
 j - a +0 pair of boots (worn)
 l - +0 gold dragon scales (worn)
 r - +0 swamp dragon scales
 v - a +2 cloak (worn)
 A - a +0 pair of gloves (worn)
 Y - a +4 plate armour of fire resistance
Jewellery
 f - an amulet of reflection (around neck)
 n - the amulet "Tapanaef" {rC++ Regen+}
   (You bought it in a shop on level 2 of the Orcish Mines)

   [amulet of regeneration]

   It greatly protects you from cold.
   It increases your rate of regeneration.
 y - a ring of magical power (left hand)
 T - a ring of see invisible (right hand)
 U - the amulet of Erghuxemi {Inacc Will+}
   (You found it on level 5 of the Lair of Beasts)

   [amulet of inaccuracy]

   It reduces the accuracy of all your attacks.
   It affects your willpower, your defense against some magical effects.
 V - an uncursed ring of protection from fire
Wands
 m - a wand of disintegration (11)
 s - a wand of enslavement (4)
 t - a wand of iceblast (4)
 D - a wand of flame (59)
 E - a wand of random effects (11)
 M - a wand of paralysis (4)
 P - a wand of acid (5)
Scrolls
 e - a scroll of silence
 g - 11 scrolls of identify
 h - 11 scrolls of remove curse
 i - 7 scrolls of magic mapping
 p - a scroll of teleportation
 x - 4 scrolls of fog
 B - 5 scrolls of fear
 J - a scroll of vulnerability
 N - a scroll of blinking
 O - 2 scrolls of holy word
 W - a scroll of summoning
 X - a scroll of immolation
Potions
 b - 5 potions of degeneration
 c - 5 potions of might
 k - a potion of heal wounds
 o - a potion of flight {unknown}
 u - 8 potions of curing
 w - 3 potions of haste
 z - a potion of cancellation
 C - 2 potions of lignification
 G - a potion of resistance
 H - a potion of invisibility
 I - 2 potions of magic {unknown}
 L - 4 potions of berserk rage
 Q - 4 potions of mutation
 R - 7 potions of brilliance
 S - a potion of ambrosia


   Skills:
 - Level 15.8 Fighting
 - Level 17.9(18.0) Axes
 - Level 0.1(12.1) Polearms
 - Level 0.2 Throwing
 - Level 17.6 Armour
 - Level 5.9 Dodging
 - Level 1.3 Stealth
 + Level 17.2 Shields
 - Level 0.3 Hexes
 - Level 0.2 Summonings
 - Level 0.3 Fire Magic
 - Level 5.0 Evocations


You had 15 spell levels left.
You didn't know any spells.
Your spell library was empty.

Dungeon Overview and Level Annotations

Branches:
Dungeon (15/15)            Temple (0/1) D:5            Lair (6/6) D:11
  Swamp (4/4) Lair:4        Snake (0/4) Lair:2        Slime (0/5) Lair:5
    Orc (2/2) D:9             Elf (0/3) Orc:2        Vaults (0/5) D:14
 Depths (0/5) D:15

Altars:
Gozag
Sif Muna
Vehumet
Wu Jian
Xom
Yredelemnul
The Shining One
Jiyva

Shops:
D:9 [   D:12 *   Orc:2 (((=

Annotations:
D:12 3 runed translucent doors, Quickbrownfox's ghost, journeyman GrVM
Lair:4 exclusion: 4 oklob plants
Lair:5 1 runed translucent door
Swamp:4 Roxanne
Orc:2 2 transporters, kalagan's ghost, journeyman DECj


Innate Abilities, Weirdness & Mutations

You reflexively headbutt those who attack you in melee.
You have a pair of horns on your head.


Message History

Your unstable footing causes you to fumble your attack.
You fester in the toxic bog!
You partially resist.
You are more poisoned.
You feel sick.
The fenstrider witch casts a spell at you.
You suddenly lose the ability to move!
You feel sick.
The fenstrider witch hits you but does no damage.
The fenstrider witch kicks you. The fenstrider witch hits you!
* * * LOW HITPOINT WARNING * * *
The fenstrider witch kicks you!
* * * LOW HITPOINT WARNING * * *
You feel sick.
The fenstrider witch casts a spell at you.
Your body is wracked with pain!
* * * LOW HITPOINT WARNING * * *
You feel sick. The fenstrider witch hits you.
* * * LOW HITPOINT WARNING * * *
The fenstrider witch kicks you!
You die...

##≈≈.≈≈≈≈♣
≈.H≈ .##
##≈##≈^≈≈.♣
≈.##≈##
#..#∩##♣H≈♣
#∩#.≈##
#♣≈≈[# #≈.♣
#≈.≈≈# #≈≈.§#
##♣≈♣ #§$.≈##
≈ ♣≈)≈.# ♣#
#≈[≈.§# ...
≈.≈≈≈♣#
#♣.[.[≈#.≈≈.♣
†≈≈≈≈≈##
##H§≈≈.≈.#
≈.♣≈.≈.#
#@≈.≈.♣≈≈#
§≈.≈≈≈##
##.≈≈≈≈.≈#
.≈≈♣###
###♣≈≈≈≈#
≈♣## ##♣.≈#
♣# ♣♣#


You could see a fenstrider witch.

Vanquished Creatures
  Nikola (Swamp:4)
  Rupert (D:13)
  A storm dragon (shapeshifter) (D:15)
  A thorn hunter (Swamp:4)
  A fenstrider witch (Swamp:4)
  Louise (D:15)
  Azrael (D:15)
  Nessos (Lair:4)
  A dire elephant (D:15)
  4 bunyips
  2 blizzard demons (Swamp:4)
  3 eleionomae
  Snorg (Lair:3)
  Fannar (Lair:3)
  A vault guard (D:14)
  2 catoblepae
  2 boulder beetles
  12 hydras
  2 ghost crabs
  9 alligators
  4 centaur warriors
  8 two-headed ogres
  3 orc high priests
  A tengu warrior (D:15)
  A deep troll shaman (Lair:6)
  2 ogre magi
  24 death yaks
  Nergalle (Lair:4)
  9 goliath frogs
  9 spriggan druids
  A shadow demon (Swamp:4)
  6 swamp dragons
  5 orc knights
  A wolf spider zombie (D:14)
  3 wizards (Swamp:4)
  7 ugly things
  A wolf spider (D:15)
  2 deep elf magi
  5 will-o-the-wisps
  8 orc sorcerers
  2 manticores (D:15)
  A slime creature (D:15)
  A cyclops (D:12)
  2 centaur zombies (D:12)
  3 elephants
  4 black mambas
  4 molten gargoyles
  6 cane toads
  4 centaur skeletons
  3 orange demons (Swamp:4)
  10 komodo dragons
  An efreet (D:15)
  A rime drake (Lair:3)
  4 hellwings (Swamp:4)
  5 polar bears
  4 trolls
  7 tyrant leeches
  15 blink frogs
  4 dream sheep (Lair:4)
  12 hornets
  Prince Ribbit (D:8)
  A meliai zombie (D:15)
  13 spriggans
  3 shadows
  2 fire elementals (D:13)
  A wraith (D:14)
  33 yaks
  5 wyverns
  5 basilisks
  3 chaos spawn (Swamp:4)
  A steam dragon (D:11)
  3 neqoxecs (Swamp:4)
  20 swamp worms
  16 vampire mosquitoes
  3 nagas (Lair:2)
  2 wargs (Orc:1)
  Menkaure (D:7)
  2 hell hounds (D:13)
  18 water moccasins
  An ice beast (D:7)
  Duvessa (D:7)
  19 orc warriors
  4 black bears
  An eye of draining (D:14)
  3 phantoms
  3 sky beasts
  13 ogres
  2 necrophages (D:14)
  14 wolves
  9 centaurs
  3 big kobolds
  10 bullfrogs
  Dowan (D:7)
  A gnoll sergeant (D:13)
  2 wyvern skeletons
  8 scorpions
  22 wights
  8 howler monkeys
  An electric eel (Lair:1)
  A bullfrog zombie (D:7)
  18 orc priests
  7 hounds
  6 jellies
  Natasha (thrice) (D:2)
  Terence (D:3)
  15 orc wizards
  4 hell rats (Lair:3)
  8 worker ants
  2 killer bee zombies
  A hound zombie (D:10)
  4 worker ant zombies
  10 gnolls
  13 adders
  2 shadow imps
  A white imp (D:10)
  3 ufetubi
  An adder zombie (D:7)
  2 worms
  2 dart slugs (D:2)
  15 leopard geckos
  56 orcs
  5 giant cockroaches
  5 goblins
  8 hobgoblins
  6 quokkas
  A ball python (D:4)
  11 bats
  6 frilled lizards
  A jackal skeleton (D:4)
  18 kobolds
  A leopard gecko skeleton (D:7)
  8 rats
746 creatures vanquished.

Vanquished Creatures (collateral kills)
  A deep elf mage (D:13)
  A dream sheep (Lair:2)
  3 hell hounds (D:13)
5 creatures vanquished.

Vanquished Creatures (others)
  A bloated husk (Swamp:3)
  4 dream sheep (Lair:2)
  43 foxfires
  39 fungi
  127 plants
214 creatures vanquished.

Grand Total: 965 creatures vanquished

Notes
Turn   | Place    | Note
-------+----------+-------------------------------------------
     0 | D:1      | korsakow the Minotaur Berserker began the quest for the
                  | Orb.
     0 | D:1      | Reached XP level 1. HP: 19/19 MP: 0/0
   252 | D:1      | Reached XP level 2. HP: 27/27 MP: 1/1
   547 | D:1      | You fall into a shaft and drop 1 floor!
   617 | D:2      | Reached XP level 3. HP: 33/33 MP: 2/2
   672 | D:2      | Noticed Natasha
   681 | D:2      | Killed Natasha
   681 | D:2      | Reached ** piety under Trog
   682 | D:2      | Reached skill level 5 in Axes
   913 | D:2      | Noticed Natasha
   922 | D:2      | Killed Natasha
   923 | D:2      | Reached XP level 4. HP: 40/40 MP: 3/3
  1458 | D:2      | Noticed Natasha
  1467 | D:2      | Killed Natasha
  1468 | D:2      | Reached skill level 1 in Stealth
  2267 | D:3      | Reached XP level 5. HP: 47/47 MP: 4/4
  2268 | D:3      | Noticed Terence
  2277 | D:3      | Killed Terence
  3409 | D:4      | Reached *** piety under Trog
  3466 | D:4      | Noticed an ogre
  3479 | D:4      | Killed an ogre
  3480 | D:4      | Reached XP level 6. HP: 30/53 MP: 5/5
  4494 | D:5      | Entered Level 5 of the Dungeon
  4510 | D:5      | Found a staircase to the Ecumenical Temple.
  4585 | D:5      | Reached XP level 7. HP: 58/60 MP: 6/6
  5643 | D:6      | Reached skill level 1 in Shields
  5650 | D:6      | Reached skill level 5 in Armour
  5687 | D:6      | Found an ornate altar of the Wu Jian Council.
  5791 | D:6      | Found a radiant altar of Vehumet.
  6252 | D:6      | Reached skill level 5 in Fighting
  6252 | D:6      | Reached XP level 8. HP: 67/67 MP: 7/7
  6959 | D:7      | Reached skill level 10 in Axes
  7159 | D:7      | Reached **** piety under Trog
  7354 | D:7      | Noticed Menkaure
  7363 | D:7      | Killed Menkaure
  7566 | D:7      | Reached XP level 9. HP: 62/75 MP: 8/8
  7587 | D:7      | Noticed Duvessa
  7600 | D:7      | Killed Duvessa
  7601 | D:7      | Noticed Dowan
  7609 | D:7      | Killed Dowan
  7841 | D:7      | Got an encrusted long sword
  8068 | D:7      | Found a shimmering blue altar of Sif Muna.
  8320 | D:8      | Reached skill level 1 in Evocations
  8933 | D:8      | Noticed Prince Ribbit
  8954 | D:8      | Killed Prince Ribbit
  9199 | D:8      | Reached skill level 5 in Evocations
  9253 | D:8      | Found a glowing golden altar of the Shining One.
  9266 | D:8      | Noticed a two-headed ogre
  9307 | D:8      | Killed a two-headed ogre
  9308 | D:8      | Reached XP level 10. HP: 84/84 MP: 9/9
  9834 | D:9      | Noticed a boulder beetle
  9841 | D:9      | Killed a boulder beetle
 10290 | D:9      | Found Rideih's Armour Boutique.
 10291 | D:9      | Found a staircase to the Orcish Mines.
 10663 | D:9      | Reached ***** piety under Trog
 10957 | D:10     | Entered Level 10 of the Dungeon
 10957 | D:10     | Found a flagged portal.
 11022 | D:10     | Got a scorched hand axe
 11023 | D:10     | Identified the +4 hand axe of Peace {elec, rN+} (You found
                  | it on level 10 of the Dungeon)
 11628 | D:10     | Noticed a two-headed ogre
 11635 | D:10     | Killed a two-headed ogre
 11636 | D:10     | Reached XP level 11. HP: 94/94 MP: 10/10
 12525 | D:11     | Found a staircase to the Lair.
 13138 | Lair:1   | Entered Level 1 of the Lair of Beasts
 13664 | Lair:1   | Reached skill level 15 in Axes
 14552 | Lair:2   | Found a staircase to the Snake Pit.
 14559 | Lair:2   | Noticed a death yak
 14559 | Lair:2   | Noticed a death yak
 14560 | Lair:2   | Noticed a death yak
 14561 | Lair:2   | Noticed a death yak
 14574 | Lair:1   | Killed a death yak
 14575 | Lair:1   | Reached skill level 10 in Armour
 14651 | Lair:1   | Killed a death yak
 14656 | Lair:1   | Killed a death yak
 14656 | Lair:1   | Killed a death yak
 14800 | Lair:2   | Reached XP level 12. HP: 105/105 MP: 11/11
 15295 | Lair:2   | Found a shimmering altar of Xom.
 15474 | Lair:3   | Noticed a boulder beetle
 15519 | Lair:2   | Killed a boulder beetle
 15520 | Lair:2   | Reached skill level 10 in Fighting
 15611 | Lair:3   | Noticed Fannar
 15625 | Lair:3   | Killed Fannar
 15941 | Lair:3   | Noticed a catoblepas
 15958 | Lair:3   | Killed a catoblepas
 16317 | Lair:3   | Noticed Snorg
 16382 | Lair:3   | Killed Snorg
 16512 | Lair:3   | Got a fine ivory ring
 16821 | Lair:4   | Received a gift from Trog
 16839 | Lair:4   | Found a staircase to the Swamp.
 16968 | Lair:4   | Noticed Nergalle
 16992 | Lair:4   | Killed Nergalle
 17297 | Lair:4   | Noticed Nessos
 17324 | Lair:4   | Killed Nessos
 17713 | Lair:4   | Noticed a four-headed hydra
 17722 | Lair:4   | Killed a four-headed hydra
 17759 | Lair:4   | Reached XP level 13. HP: 116/116 MP: 12/12
 18780 | Lair:5   | Identified the ring of Moodiness {Fire Dex+4} (You found it
                  | on level 3 of the Lair of Beasts)
 18826 | Lair:5   | Got a transparent sapphire amulet
 18963 | Lair:5   | Reached skill level 5 in Dodging
 19472 | Lair:5   | Found a viscous altar of Jiyva.
 19473 | Lair:5   | Found a runed translucent door.
 19477 | Lair:5   | Found a staircase to the Slime Pits.
 19577 | Lair:6   | Entered Level 6 of the Lair of Beasts
 21291 | Lair:6   | Reached XP level 14. HP: 129/129 MP: 13/13
 21298 | Lair:6   | Reached skill level 15 in Armour
 22046 | D:9      | Bought a +4 plate armour of fire resistance for 600 gold
                  | pieces
 22061 | D:9      | Identified the amulet of Erghuxemi {Inacc Will+} (You found
                  | it on level 5 of the Lair of Beasts)
 22528 | D:12     | Noticed a tengu reaver
 22549 | D:12     | Found a runed translucent gate.
 22550 | D:12     | Noticed Quickbrownfox's ghost (journeyman GrVM)
 22551 | D:12     | Found a runed translucent gate.
 22551 | D:12     | Found a runed translucent gate.
 22581 | D:12     | Found Maituczo's General Store.
 22639 | D:12     | Bought a scroll of fear for 56 gold pieces
 22639 | D:12     | Bought a scroll of silence for 120 gold pieces
 22639 | D:12     | Bought a scroll of identify for 32 gold pieces
 22639 | D:12     | Bought a scroll of fog for 32 gold pieces
 22639 | D:12     | Bought a potion of curing for 48 gold pieces
 23291 | D:11     | Received a gift from Trog
 24172 | Orc:1    | Entered Level 1 of the Orcish Mines
 24271 | Orc:2    | Entered Level 2 of the Orcish Mines
 24271 | Orc:2    | Found a staircase to the Elven Halls.
 24631 | Orc:2    | Noticed kalagan's ghost (journeyman DECj)
 24633 | Orc:2    | Found a transporter.
 24791 | Orc:2    | Found a transporter.
 26392 | Orc:2    | Received a gift from Trog
 26767 | Orc:2    | Found Bynnufof's Jewellery Boutique.
 26776 | Orc:2    | Found Qowk's Antique Weapon Emporium.
 26781 | Orc:2    | Found Geboss's Antique Weapon Emporium.
 26783 | Orc:2    | Found Saagios's Antique Weapon Boutique.
 26864 | Orc:2    | Bought the amulet "Tapanaef" {rC++ Regen+} for 872 gold
                  | pieces
 27479 | D:13     | Noticed Azrael
 27743 | D:14     | Found a basalt altar of Yredelemnul.
 27865 | D:14     | Reached skill level 15 in Fighting
 28466 | D:14     | Found a gate to the Vaults.
 28596 | D:14     | Found an opulent altar of Gozag.
 29052 | D:15     | Entered Level 15 of the Dungeon
 29483 | D:15     | Killed Azrael
 29483 | D:15     | Received a gift from Trog
 29484 | D:15     | Reached XP level 15. HP: 135/141 MP: 14/14
 30616 | D:15     | Found a staircase to the Depths.
 30622 | D:15     | Reached skill level 5 in Shields
 30933 | D:15     | Noticed a storm dragon
 30963 | D:15     | Killed a storm dragon
 31344 | D:15     | Noticed Louise
 31379 | D:15     | Killed Louise
 31708 | D:13     | Noticed Rupert
 31729 | D:13     | Killed Rupert
 32167 | Swamp:1  | Entered Level 1 of the Swamp
 33308 | Swamp:1  | Reached skill level 10 in Shields
 33935 | Swamp:1  | Received a gift from Trog
 35504 | Swamp:2  | Reached XP level 16. HP: 128/151 MP: 15/15
 36147 | Swamp:2  | Got a glimmering great sword
 36149 | Swamp:2  | Identified the +3 great sword "Dennam" {vorpal, Fragile rC-
                  | Int+10} (You found it on level 2 of the Swamp)
 37159 | Swamp:4  | Entered Level 4 of the Swamp
 38230 | Swamp:4  | Identified Roxanne's Handbook of Earth
 38230 | Swamp:4  | Noticed Roxanne
 38320 | Swamp:4  | Reached skill level 15 in Shields
 38774 | Swamp:4  | Noticed Nikola
 38785 | Swamp:4  | Killed Nikola
 39056 | Swamp:4  | Received a gift from Trog
 40038 | Swamp:4  | Noticed a thorn hunter
 40048 | Swamp:4  | Killed a thorn hunter
 40112 | Swamp:4  | Paralysed by a fenstrider witch for 6 turns
 40115 | Swamp:4  | Slain by a fenstrider witch

Illustrated notes

Levels and vault maps discovered:
D:1:      psy_arrival_dodecagon, layout_basic,
          amcnicky_mini_rare_corridor_liquid
D:2:      layout_basic, minmay_door_square, grunt_decor_fettered,
          minmay_fractal_squares_5, uniq_natasha
D:3:      layout_loops_ring, serial_glass, glass_columns_c, glass_columns_c,
          glass_columns_b, grunt_ministairs_12, amcnicky_mini_corridor_feature,
          uniq_terence
D:4:      layout_loops_corners
D:5:      layout_loops_corners, minmay_temple_entry_trees, chequers_mini_garden
D:6:      layout_gridville, grunt_temple_overflow_open,
          hangedman_decor_slide_cut, minmay_misc_feat_nine_boxes
D:7:      layout_cave_pools, marbit_many_paths, uniq_duvessa, uniq_menkaure
D:8:      layout_basic, tso_oasis_becter, uniq_prince_ribbit1
D:9:      layout_roguey, orc_david_3
D:10:     layout_roguey, enter_bailey_2
D:11:     layout_basic, erik_lair_dragon
D:12:     layout_basic, serial_shops, nicolae_shop_crystal,
          gammafunk_ghost_split, minmay_misc_feat_iff,
          minmay_misc_feat_diagonals, minivault_8
D:13:     layout_cave_pools, small_chamber_with_monster, uniq_rupert,
          uniq_azrael
D:14:     layout_roguey, david_vaults_5,
          nicolae_gozag_cash_rules_everything_around_me,
          yredelemnul_altar_generic
D:15:     hangedman_depths_entry_try_elsewhere_first, layout_cross, uniq_louise
Lair:1:   layout_loops_ring, nicolae_quartered_pool_little, minivault_27,
          serial_bayou_shore_a
Lair:2:   layout_cave_shapes, minmay_snake_entry_guardpost_small,
          kb_xom_exploding_sheep
Lair:3:   layout_chaotic_city, beast_lair_carwin_10, uniq_fannar, uniq_snorg
Lair:4:   layout_concentric_octagons, swamp_mist, gauntlet_entry_generic,
          minmay_lair_oklob_chamber, serial_bayou_shore_b, uniq_nergalle,
          uniq_nessos
Lair:5:   layout_cave_pods, slime_altar_2, grunt_megastairs_5,
          infiniplex_staircase_pool_2
Lair:6:   grunt_lair_end_beastmaster, layout_concentric_octagons, serial_forest,
          infiniplex_forest_corner_1, infiniplex_forest_zigzag_1,
          infiniplex_forest_clump_small, infiniplex_forest_straight_3,
          infiniplex_forest_fountain, infiniplex_forest_pool,
          infiniplex_forest_clump_double, minivault_11
Swamp:1:  layout_basic_swamp, evilmike_swamp_ruin_house_3, swamp_pool2
Swamp:2:  layout_basic_swamp, evilmike_swamp_ruin_house_6,
          infiniplex_staircase_pool
Swamp:3:  layout_falls_marsh, evilmike_swamp_ruin_house_4
Swamp:4:  nzn_swamp_witches_coven, layout_basic_swamp, uniq_roxanne, uniq_nikola
Orc:1:    layout_diamond_mine, nicolae_orc_tapped_out
Orc:2:    st_orc_elflike, layout_diamond_mine, gammafunk_ghost_arena

Skill      XL: |  1  2  3  4  5  6  7  8  9 10 11 12 13 14 15 16 |
---------------+-------------------------------------------------+-----
Axes           | 4 5 6 7 9 11 12 14 15 16 17 | 17.9
Fighting       | 4 5 6 7 9 11 13 15 | 15.8
Stealth        | 1 |  1.3
Armour         | 3 4 5 6 7 8 10 13 14 17 | 17.6
Shields        | 1 2 4 12 17 | 17.2
Dodging        | 3 4 5 |  5.9
Evocations     | 5 |  5.0
Polearms       | |  0.1
Throwing       | |  0.2
Hexes          | |  0.3
Summonings     | |  0.2
Fire Magic     | |  0.3

Action                   |  1- 3 |  4- 6 |  7- 9 | 10-12 | 13-15 | 16-18 || total
-------------------------+-------+-------+-------+-------+-------+-------++-------
Melee: Hand axe          |    52 |   153 |   376 |   560 |  1130 |       ||  2271
       Headbutt          |     6 |    18 |    70 |   134 |   326 |    58 ||   612
       Flail             |       |       |       |     4 |    34 |       ||    38
       Eveningstar       |       |       |       |       |    31 |    25 ||    56
       Broad axe         |       |       |       |       |    19 |   279 ||   298
Throw: Dart              |       |       |     5 |    18 |     1 |       ||    24
       Throwing net      |       |       |       |       |     1 |       ||     1
Invok: Berserk           |     3 |     5 |    11 |    12 |    13 |       ||    44
       Trog's Hand       |       |       |     2 |       |     9 |     4 ||    15
       Brothers in Arms  |       |       |       |     1 |       |       ||     1
Evoke: Wand              |       |       |       |    17 |    33 |    25 ||    75
  Use: Scroll            |       |    11 |     1 |     9 |    21 |     6 ||    48
       Potion            |       |     2 |     1 |     2 |     6 |     8 ||    19
 Stab: Paralysed         |       |       |       |     5 |     4 |       ||     9
       Petrified         |       |       |       |       |     2 |       ||     2
       Invisible         |       |       |       |       |     3 |       ||     3
       Distracted        |       |       |       |       |     2 |       ||     2
Armor: Animal skin       |    10 |       |       |       |       |       ||    10
       Chain mail        |     9 |    29 |       |       |       |       ||    38
       Ring mail         |       |    29 |    91 |       |       |       ||   120
       Plate armour      |       |       |    27 |   178 |   350 |       ||   555
       Gold dragon scale |       |       |       |       |   202 |   179 ||   381
Dodge: Dodged            |    31 |    56 |   119 |   122 |   261 |    51 ||   640
Block: Other             |       |    15 |    48 |    12 |       |       ||    75
       Reflection        |       |       |     2 |    11 |    34 |    22 ||    69
       Buckler           |       |       |       |   126 |   265 |       ||   391
       Tower shield      |       |       |       |       |   339 |   426 ||   765
